 Dungeon Crawl Stone Soup version 0.30.1-11-g7821555f0a (webtiles) character file.

Game seed: 12111511147068622401

7 monsoonserge the Conjurer (level 2, 17/17 HPs)
             Began as a Tengu Reaver on Jan 10, 2024.
             Was a Follower of Makhleb.
             Got out of the dungeon alive.
             The game lasted 00:00:30 (107 turns).

monsoonserge the Conjurer (Tengu Reaver)             Turns: 107, Time: 00:00:31

Health: 17/17      AC:  3    Str: 12    XL:     2   Next: 0%
Magic:  6/6        EV: 11    Int: 13    God:    Makhleb [*.....]
Gold:   11         SH:  0    Dex: 12    Spells: 4/5 levels left

rFire   . . .        a - +0 mace
rCold   . . .        (no shield)
rNeg    . . .        b - +0 leather armour
rPois   .            (helmet restricted)
rElec   .            (no cloak)
rCorr   .            (no gloves)
SInv    .            (boots unavailable)
Will    .....        (no amulet)
Stlth   +            (no ring)
HPRegen 0.22/turn    (no ring)
MPRegen 0.10/turn

%: no passive effects
@: no status effects
A: beak, talons 3
a: Renounce Religion


You escaped.
You worshipped Makhleb.
Makhleb was aware of your devotion.
You visited 1 branch of the dungeon, and saw 1 of its levels.

You collected 11 gold pieces.

Inventory:

Hand Weapons
 a - a +0 mace (weapon)
Armour
 b - a +0 leather armour (worn)
Scrolls
 d - a scroll of noise {unknown}
Potions
 c - a potion of heal wounds {unknown}


   Skills:
 + Level 2.0 Fighting
 + Level 3.5 Maces & Flails
 + Level 2.2 Dodging
 - Level 2.0 Spellcasting
 + Level 4.3 Conjurations


You had 4 spell levels left.
You knew the following spells:

 Your Spells              Type           Power      Damage    Failure   Level
a - Kiss of Death         Conj/Necr      24%        2d7       14%         1

Your spell library contained the following spells:

 Spells                   Type           Power      Damage    Failure   Level
 Momentum Strike          Conj/Tloc      12%        3d8       21%         2
 Hailstorm                Conj/Ice       6%         3d4       38%         3
 Ensorcelled Hibernation  Hex/Ice        2%         N/A       43%         2
 Passwall                 Tmut/Erth      0%         N/A       43%         2
 Swiftness                Air            1%         N/A       67%         3


Dungeon Overview and Level Annotations

Branches:
Dungeon (1/15)

Altars:
Makhleb


Innate Abilities, Weirdness & Mutations

You have a beak for a mouth.
You have claws for feet.


Message History

You barely miss the bat. You claw the bat.
You kill the bat!
The goblin hits you with a +0 dagger.
You closely miss the goblin. The goblin hits you but does no damage.
You hit the goblin.
You kill the goblin!
No target in view!
There is a faded altar of an unknown god here.
This altar belongs to (a) Makhleb, (b) Cheibriados or (c) Okawaru, but you can't tell which.
Press the corresponding letter to learn more about a god, or press enter to convert or escape to cancel.
Okay, then.
Found a scroll labelled TAPPEM YFUPU.
You now have 11 gold pieces.
There are no items here.
d - a scroll labelled TAPPEM YFUPU
There are no items here.
A frilled lizard comes into view.
The frilled lizard hisses angrily.
The frilled lizard misses you.
You hit the frilled lizard.
You kill the frilled lizard!
There is a faded altar of an unknown god here.
There is a faded altar of an unknown god here.
This altar belongs to (a) Makhleb, (b) Cheibriados or (c) Okawaru, but you can't tell which.
Press the corresponding letter to learn more about a god, or press enter to convert or escape to cancel.
Makhleb accepts your prayer! Makhleb welcomes you!
You can now gain health from killing.
An endoplasm comes into view.
You can't go up here!
The endoplasm quivers.
The endoplasm freezes you.
You are frozen.
You hit the endoplasm. You peck the endoplasm.
You kill the endoplasm!
Makhleb accepts your kill.
You have reached level 2!
HP restored.
You see here a +0 dagger.
There is a staircase leading out of the dungeon here.
Are you sure you want to leave the Dungeon?
This will make you lose the game!
You have escaped!

#....###.#.....####
# #.......#.........
#.
#...##......######
#..####....).##...#
#
#...........####.)#
#
#...........##.##.#
#
....###.##.....##..#
#
...##.....#....)...#
# #.....@.##.......#
...##.....#........#
.. ###.##.....##..#
.......##.##.#
........# ##....
####......# ..###
#........ .#
#....#..#


There were no monsters in sight!

Vanquished Creatures
  A bat (D:1)
  An endoplasm (D:1)
  A goblin (D:1)
  A frilled lizard (D:1)
  2 kobolds (D:1)
6 creatures vanquished.

Notes
Turn   | Place    | Note
-------+----------+-------------------------------------------
     0 | D:1      | monsoonserge the Tengu Reaver began the quest for the Orb.
     0 | D:1      | Reached XP level 1. HP: 12/12 MP: 4/4
    33 | D:1      | Found a faded altar of an unknown god.
    74 | D:1      | Prayed at the altar of an unknown god.
    74 | D:1      | Became a worshipper of Makhleb the Destroyer
    74 | D:1      | Reached * piety under Makhleb
    83 | D:1      | Reached XP level 2. HP: 16/17 MP: 6/6
   107 | D:$      | Got out of the dungeon alive.

Illustrated notes

Levels and vault maps discovered:
D:1:      erik_arrival_blinker_ship, layout_basic, ebering_ecumenical_altar_webs

Action                     || total
---------------------------++-------
  Melee: Mace              ||     9
         Kick              ||     2
         Peck              ||     2
 Armour: Leather armour    ||     6
  Dodge: Dodged            ||     7
